[Event "Titled Tuesday Blitz August 1 Late 2023"]
[White "Winkels, Marcel"]
[Black "Peatman, Carter"]
[WhiteFideId "1003887"]
[BlackFideId "2096480"]
[WhiteElo "2079"]
[BlackElo "2344"]
[Result "0-1"]
[Round "3"]
[TimeControl "180+1"]
[Date "2023.08.01"]
[WhiteClock "0:00:00"]
[BlackClock "0:00:55"]
[Board "186"]

1. e4 e5 2. Nf3 Nf6 3. d4 Nxe4 4. Bd3 Nc6 5. dxe5 d5 6. c4 Bb4+ 7. Nbd2 Be6 8. cxd5 Bxd5 9. Qe2 Nxd2 10. Bxd2 Bxd2+ 11. Qxd2 Bxf3 12. gxf3 Nxe5 13. Bb5+ c6 14. Qe3 Qa5+ 15. Kf1 Qxb5+ 16. Kg2 O-O 17. Rhg1 Rfe8 18. Kh1 Qd5 19. Rg3 Ng6 20. Qc3 Re6 21. Rag1 Rae8 22. h3 a5 23. Kh2 a4 24. b3 axb3 25. axb3 b5 26. b4 Re2 27. R1g2 Qe6 28. h4 Qd5 29. Rg5 R2e5 30. Qc1 Rxg5 31. Rxg5 Qxf3 32. h5 Qxf2+ 33. Kh1 Re1+ 0-1


[Site "https://www.chess.com"]

[Event "Titled Tuesday Blitz August 1 Late 2023"]
[White "Djordjevic, Dejan N"]
[Black "Gerbelli Neto, Eduardo"]
[WhiteFideId "913316"]
[BlackFideId "2103281"]
[WhiteElo "2068"]
[BlackElo "2343"]
[Result "1-0"]
[Round "3"]
[TimeControl "180+1"]
[Date "2023.08.01"]
[WhiteClock "0:00:16"]
[BlackClock "0:00:17"]
[Board "187"]

1. e4 e5 2. Nf3 Nc6 3. Bc4 Nf6 4. d3 Bc5 5. O-O d6 6. c3 a5 7. Re1 O-O 8. Nbd2 Ng4 9. Re2 Kh8 10. h3 f5 11. Nb3 Nxf2 12. Rxf2 Bxf2+ 13. Kxf2 fxe4 14. dxe4 Qh4+ 15. Ke3 Qg3 16. Qe2 Ne7 17. Nd2 c6 18. Nf1 Qg6 19. Kd2 b5 20. Bd3 Be6 21. Kc2 a4 22. Be3 h6 23. N1d2 Qf7 24. a3 Ng6 25. Rf1 Nf4 26. Bxf4 exf4 27. Nd4 Bd7 28. N2f3 Rab8 29. Kc1 Qa2 30. Bb1 Qf7 31. Nh4 c5 32. Ndf5 d5 33. exd5 Qxd5 34. Ng6+ Kg8 35. Nxf8 Rxf8 36. Ne7+ 1-0


[Site "https://www.chess.com"]

[Event "Titled Tuesday Blitz August 1 Late 2023"]
[White "Prydun, Andriy"]
[Black "MrLudus"]
[WhiteFideId "14145898"]
[WhiteElo "2342"]
[BlackElo "2053"]
[Result "0-1"]
[Round "3"]
[TimeControl "180+1"]
[Date "2023.08.01"]
[WhiteClock "0:00:00"]
[BlackClock "0:00:38"]
[Board "188"]

1. e4 c5 2. Nf3 d6 3. c3 Nf6 4. h3 Nc6 5. Bd3 g6 6. Bc2 Bg7 7. O-O O-O 8. d3 h6 9. Be3 e5 10. a3 b6 11. b4 Be6 12. Nbd2 Nd7 13. Bb3 Qe7 14. Ba4 Rac8 15. Bxc6 Rxc6 16. d4 cxd4 17. cxd4 d5 18. Qa4 Rc7 19. Rfc1 Rfc8 20. Rxc7 Rxc7 21. Re1 Qd6 22. exd5 Bxd5 23. dxe5 Nxe5 24. Nxe5 Qxe5 25. Nf1 Bc6 26. Bd2 Bxa4 0-1


[Site "https://www.chess.com"]

[Event "Titled Tuesday Blitz August 1 Late 2023"]
[White "Chabris, Christopher"]
[Black "Joubert, Dantelle"]
[WhiteFideId "2005263"]
[BlackFideId "14310813"]
[WhiteElo "2340"]
[BlackElo "2050"]
[Result "1/2-1/2"]
[Round "3"]
[TimeControl "180+1"]
[Date "2023.08.01"]
[WhiteClock "0:00:11"]
[BlackClock "0:00:12"]
[Board "189"]

1. e4 c5 2. Nf3 d6 3. Bb5+ Bd7 4. Bxd7+ Nxd7 5. O-O g6 6. c3 Bg7 7. d4 cxd4 8. cxd4 Ngf6 9. Qe2 O-O 10. Nc3 a6 11. e5 Ne8 12. e6 fxe6 13. Qxe6+ Kh8 14. Ng5 Nc7 15. Nf7+ Rxf7 16. Qxf7 Bxd4 17. Be3 Bg7 18. f4 Qf8 19. Qc4 Rc8 20. Rac1 Nb5 21. Qe6 Nxc3 22. bxc3 Nc5 23. Bxc5 Rxc5 24. c4 Bd4+ 25. Kh1 Qf6 26. Qd7 Rh5 27. Rce1 e5 28. Qg4 Rf5 29. g3 e4 30. Qe2 e3 31. Qf3 Qf7 32. Rxe3 Bxe3 33. Qxe3 Qxc4 34. Qe8+ Kg7 35. Re1 Qc6+ 36. Qxc6 bxc6 37. Re6 Rd5 38. Kg2 Rd2+ 39. Kf3 Rxa2 40. Rxd6 Rxh2 41. Rxc6 Ra2 42. g4 Ra3+ 43. Ke4 Ra4+ 44. Kf3 Ra3+ 45. Ke4 Ra4+ 46. Kf3 Ra3+ 1/2-1/2


[Site "https://www.chess.com"]

[Event "Titled Tuesday Blitz August 1 Late 2023"]
[White "Ahn, Hongjin"]
[Black "dorpato"]
[WhiteFideId "13201492"]
[WhiteElo "2328"]
[BlackElo "2037"]
[Result "1-0"]
[Round "3"]
[TimeControl "180+1"]
[Date "2023.08.01"]
[WhiteClock "0:01:36"]
[BlackClock "0:00:07"]
[Board "190"]

1. e4 c5 2. c3 Nf6 3. e5 Nd5 4. d4 cxd4 5. cxd4 d6 6. Nf3 Nc6 7. Bc4 Nb6 8. Bb5 a6 9. Bxc6+ bxc6 10. O-O g6 11. Nc3 Bg7 12. a4 O-O 13. a5 Nd7 14. exd6 exd6 15. Ne4 Nf6 16. Bg5 Bf5 17. Nxf6+ Bxf6 18. Bxf6 Qxf6 19. Rc1 Rac8 20. Qe2 Bg4 21. h3 Bxf3 22. Qxf3 Qxf3 23. gxf3 c5 24. dxc5 Rxc5 25. Rxc5 dxc5 26. Rc1 Rc8 27. b4 c4 28. Kf1 Kg7 29. Ke2 Kf6 30. Ke3 Ke5 31. f4+ Kf5 32. Kd4 Kxf4 33. Rxc4 Rd8+ 34. Kc3+ Kf3 35. Rc7 f5 36. Rxh7 Kxf2 37. Rh6 Rd6 38. h4 Rc6+ 39. Kd4 f4 40. h5 f3 41. Rxg6 Rc8 42. Rxa6 Kg1 43. Rg6+ Kf1 44. a6 f2 45. a7 Ke1 46. Re6+ Kd2 47. Rf6 Ke2 48. b5 f1=Q 49. Rxf1 Kxf1 50. b6 Kg2 51. b7 1-0


[Site "https://www.chess.com"]

[Event "Titled Tuesday Blitz August 1 Late 2023"]
[White "Garcia-Castany Musellas, Gal.la"]
[Black "Dominguez Rincon, Miller Duvan"]
[WhiteFideId "2241803"]
[BlackFideId "4406583"]
[WhiteElo "2328"]
[BlackElo "1983"]
[Result "1-0"]
[Round "3"]
[TimeControl "180+1"]
[Date "2023.08.01"]
[WhiteClock "0:00:13"]
[BlackClock "0:00:01"]
[Board "191"]

1. e4 e5 2. Nf3 Nc6 3. Bb5 a6 4. Ba4 Nf6 5. d3 d6 6. c3 g6 7. O-O Bg7 8. Re1 O-O 9. Nbd2 b5 10. Bb3 Na5 11. Bc2 c5 12. Nf1 h6 13. h3 Be6 14. Be3 Nc6 15. Qd2 Kh7 16. d4 exd4 17. cxd4 Nb4 18. Bb1 d5 19. dxc5 a5 20. a3 Nc6 21. Nd4 Nxd4 22. Bxd4 dxe4 23. Ng3 Bf5 24. Nxf5 gxf5 25. Bc3 Qxd2 26. Bxd2 Nd7 27. Bc1 Nxc5 28. Ba2 Nd3 29. Rd1 Rac8 30. Rb1 Rc2 31. Be3 Rxb2 32. Rxb2 Nxb2 33. Rb1 Rc8 34. Bxf7 b4 35. axb4 axb4 36. Be6 Rc2 37. Bxf5+ Kh8 38. Bxe4 Rc4 39. Bf5 Rc7 40. Ra1 Rc8 41. Bxc8 Nc4 42. Ra8 Kh7 43. Bf5# 1-0


[Site "https://www.chess.com"]

[Event "Titled Tuesday Blitz August 1 Late 2023"]
[White "Hoffmann, Asa"]
[Black "Porat, Tori"]
[WhiteFideId "2001470"]
[BlackFideId "30982626"]
[WhiteElo "2325"]
[BlackElo "1980"]
[Result "0-1"]
[Round "3"]
[TimeControl "180+1"]
[Date "2023.08.01"]
[WhiteClock "0:00:40"]
[BlackClock "0:00:15"]
[Board "192"]

1. d4 d5 2. Bg5 h6 3. Bh4 g5 4. Bg3 Nf6 5. e3 Ne4 6. Bd3 Nxg3 7. hxg3 e6 8. Nf3 Bd6 9. Nbd2 Bd7 10. e4 dxe4 11. Nxe4 Nc6 12. c3 Qe7 13. Nfxg5 O-O-O 14. Nxd6+ cxd6 15. Ne4 f5 16. Nd2 Rdf8 17. Qe2 Kb8 18. O-O-O Rc8 19. Kb1 Qd8 20. Bc4 d5 21. Bb3 Qb6 22. Nf3 Na5 23. Ne5 Bb5 24. Qe3 h5 25. Ng6 Rh7 26. Nf4 Bd7 27. Nxh5 Nxb3 28. axb3 Qxb3 29. Nf6 Rf7 30. Nxd7+ Rxd7 31. Qxe6 Rdc7 32. Qe5 a5 33. Rh8 Ka7 34. Rxc8 Rxc8 35. Rd3 a4 36. Qe2 a3 37. Qc2 a2+ 38. Kc1 a1=Q+ 39. Kd2 Qaxb2 40. Qxb2 Qxb2+ 41. Ke3 Qc1+ 42. Kf3 Rxc3 43. Rxc3 Qxc3+ 44. Kf4 b5 45. Kxf5 b4 46. Ke5 b3 47. Kxd5 b2 48. g4 b1=Q 0-1


[Site "https://www.chess.com"]

[Event "Titled Tuesday Blitz August 1 Late 2023"]
[White "Carlsen, Magnus"]
[Black "Bazeev, German"]
[WhiteFideId "1503014"]
[BlackFideId "24119350"]
[WhiteElo "3256"]
[BlackElo "2827"]
[Result "1-0"]
[Round "4"]
[TimeControl "180+1"]
[Date "2023.08.01"]
[WhiteClock "0:02:03"]
[BlackClock "0:00:35"]
[Board "1"]

1. g3 d5 2. Nf3 Nf6 3. Bg2 c6 4. O-O Bg4 5. h3 Bxf3 6. Bxf3 h5 7. d3 h4 8. g4 e5 9. e4 dxe4 10. dxe4 Qxd1 11. Rxd1 Nbd7 12. Nd2 Bc5 13. g5 Nh7 14. Bg4 Nhf8 15. Nf3 Ne6 16. b4 Bb6 17. g6 Nd4 18. gxf7+ Ke7 19. Bg5+ Nf6 20. Nxe5 Rhd8 21. c3 Nb5 22. c4 Nc3 23. Rxd8 Rxd8 24. Re1 Bc7 25. Nf3 1-0


[Site "https://www.chess.com"]

[Event "Titled Tuesday Blitz August 1 Late 2023"]
[White "Ashraf, Artin"]
[Black "Firouzja, Alireza"]
[WhiteFideId "22514805"]
[BlackFideId "12573981"]
[WhiteElo "2827"]
[BlackElo "3086"]
[Result "0-1"]
[Round "4"]
[TimeControl "180+1"]
[Date "2023.08.01"]
[WhiteClock "0:00:03"]
[BlackClock "0:00:05"]
[Board "2"]

1. d4 Nf6 2. c4 g6 3. g3 Bg7 4. Bg2 O-O 5. Nc3 d6 6. e3 Nc6 7. Nge2 e5 8. O-O Re8 9. d5 Nb8 10. e4 a5 11. b3 Na6 12. a3 Bd7 13. Rb1 Nc5 14. b4 axb4 15. axb4 Na4 16. h3 Qb8 17. Be3 Nxc3 18. Nxc3 h5 19. c5 Qc8 20. Kh2 h4 21. g4 Nh7 22. b5 dxc5 23. Bxc5 Bh6 24. Qd3 b6 25. Be3 Bxe3 26. Qxe3 Qd8 27. Ra1 Qe7 28. Rfc1 Qd6 29. Ra6 Rxa6 30. bxa6 Ra8 31. Bf1 Qf6 32. Bb5 Bxb5 33. Nxb5 Rxa6 34. Nxc7 Ra2 35. Kg2 Ng5 36. Ne8 Qf4 37. Qxf4 exf4 38. d6 f3+ 39. Kh1 Nxe4 40. d7 Nxf2+ 41. Kg1 Nxh3+ 42. Kh1 Rd2 43. Rc8 Nf2+ 44. Kg1 Nh3+ 45. Kh1 f2 46. Kg2 Rd1 47. Nf6+ Kg7 48. Rg8+ Kh6 49. Rh8+ Kg7 50. Rg8+ Kxf6 51. d8=Q+ Rxd8 52. Rxd8 Kg5 53. Rd1 Kxg4 54. Rd4+ Kh5 55. Rd7 f5 56. Rb7 Kg4 57. Rxb6 g5 58. Rb3 f4 59. Rc3 f1=Q+ 60. Kxf1 f3 61. Rc4+ Kg3 62. Rc5 g4 63. Rh5 Nf4 64. Rh6 h3 65. Kg1 f2+ 66. Kh1 f1=Q# 0-1


[Site "https://www.chess.com"]

[Event "Titled Tuesday Blitz August 1 Late 2023"]
[White "Andreikin, Dmitry"]
[Black "Lamaze, Simon"]
[WhiteFideId "4158814"]
[BlackFideId "36069264"]
[WhiteElo "3054"]
[BlackElo "2811"]
[Result "1-0"]
[Round "4"]
[TimeControl "180+1"]
[Date "2023.08.01"]
[WhiteClock "0:02:36"]
[BlackClock "0:01:13"]
[Board "3"]

1. d4 d5 2. c4 e6 3. Nf3 Nf6 4. Bg5 Be7 5. e3 O-O 6. Qc2 h6 7. Bxf6 Bxf6 8. h4 dxc4 9. Bxc4 c5 10. g4 g6 11. g5 hxg5 12. hxg5 Bg7 13. Nc3 cxd4 14. exd4 Nc6 15. O-O-O Qc7 16. Ne4 Qf4+ 17. Nfd2 Nxd4 18. Qd3 e5 19. Nf6+ 1-0


[Site "https://www.chess.com"]

[Event "Titled Tuesday Blitz August 1 Late 2023"]
[White "Hambleton, Aman"]
[Black "Sargsyan, Shant"]
[WhiteFideId "2606577"]
[BlackFideId "13306766"]
[WhiteElo "2809"]
[BlackElo "2982"]
[Result "1/2-1/2"]
[Round "4"]
[TimeControl "180+1"]
[Date "2023.08.01"]
[WhiteClock "0:00:03"]
[BlackClock "0:00:19"]
[Board "4"]

1. d4 d6 2. e4 g6 3. c4 Bg7 4. Be3 Nf6 5. f3 O-O 6. Nc3 c5 7. dxc5 dxc5 8. Qxd8 Rxd8 9. Bxc5 Nc6 10. Nd5 Nd7 11. Bxe7 Nxe7 12. Nxe7+ Kf8 13. Nd5 Bxb2 14. Rb1 Bg7 15. Nh3 Nc5 16. g4 f5 17. exf5 gxf5 18. g5 Re8+ 19. Kf2 Bd4+ 20. Kg2 Ne6 21. Bd3 Nc5 22. Rhd1 Be5 23. Bf1 Bd7 24. Nhf4 Bc6 25. h4 Rad8 26. Kf2 Rd6 27. Bh3 Red8 28. Re1 Bxf4 29. Nxf4 Nd3+ 30. Nxd3 Rxd3 31. Rb3 Rd2+ 32. Re2 f4 33. Bf5 Kg7 34. Be4 h6 35. Bxc6 bxc6 36. Rb7+ Kg6 37. gxh6 Kxh6 38. Rxa7 R8d4 39. Ra6 Rxe2+ 40. Kxe2 Rxc4 41. Kd3 Rc1 42. Ke4 Rc4+ 43. Kd3 Rc1 44. Ra4 Ra1 45. Rxf4 Rxa2 46. Rf6+ Kh5 47. Rxc6 Kxh4 48. Rg6 Ra3+ 49. Ke4 Ra4+ 50. Ke3 Kh5 51. Rg8 Ra3+ 52. Kf2 Ra2+ 53. Kg3 Kh6 54. f4 Ra1 55. Kf3 Ra3+ 56. Kg4 Ra1 57. Kf5 Ra5+ 58. Kg4 Ra1 59. Kf3 Ra3+ 60. Ke4 Ra4+ 61. Ke3 Ra3+ 62. Kd4 Ra4+ 63. Ke5 Ra5+ 64. Ke6 Ra6+ 65. Kf5 Ra5+ 66. Kg4 Ra1 1/2-1/2


[Site "https://www.chess.com"]

[Event "Titled Tuesday Blitz August 1 Late 2023"]
[White "Bauman_Guy"]
[Black "Matlakov, Maxim"]
[BlackFideId "4168003"]
[WhiteElo "2806"]
[BlackElo "2968"]
[Result "1/2-1/2"]
[Round "4"]
[TimeControl "180+1"]
[Date "2023.08.01"]
[WhiteClock "0:00:04"]
[BlackClock "0:00:11"]
[Board "5"]

1. e4 e5 2. Nf3 Nc6 3. Bb5 a6 4. Ba4 Nf6 5. O-O Bc5 6. c3 b5 7. Bb3 d6 8. d3 h6 9. Nbd2 O-O 10. h3 Re8 11. Re1 Be6 12. Nf1 Bxb3 13. axb3 d5 14. Qe2 Bf8 15. Ng3 a5 16. Nf5 Qd7 17. Nh2 Qe6 18. Ng4 Nxg4 19. Qxg4 Kh7 20. Qf3 dxe4 21. Qxe4 g6 22. Ng3 f5 23. Qf3 Rad8 24. h4 Qd5 25. Qxd5 Rxd5 26. d4 Red8 27. dxe5 Nxe5 28. Bf4 Nd3 29. Bxc7 R8d7 30. Bxa5 Nxe1 31. Rxe1 Rd2 32. h5 f4 33. Ne4 Rd1 34. Kf1 Kg7 35. c4 b4 36. c5 R7d4 37. Rxd1 Rxd1+ 38. Ke2 Rd5 39. Bxb4 gxh5 40. c6 Rd8 41. c7 Rc8 42. Nd6 Bxd6 43. Bxd6 Kf6 44. Bxf4 Ke6 45. b4 Kd5 46. Kd3 Kc6 47. Kc4 Rg8 48. b5+ Kb7 49. g3 Rg4 50. f3 Rxf4+ 51. gxf4 h4 52. f5 h3 53. f6 h2 54. c8=Q+ Kxc8 55. f7 h1=Q 56. f8=Q+ Kb7 57. Qe7+ Kb8 58. Qd8+ Kb7 59. Qd7+ Kb8 60. Qd6+ Kb7 61. Qc6+ Kb8 62. Qb6+ Ka8 63. Qc6+ Kb8 64. Qb6+ Ka8 65. Qc6+ Kb8 1/2-1/2


[Site "https://www.chess.com"]

[Event "Titled Tuesday Blitz August 1 Late 2023"]
[White "Shimanov, Aleksandr"]
[Black "Basso, Pier Luigi"]
[WhiteFideId "4198603"]
[BlackFideId "866970"]
[WhiteElo "2961"]
[BlackElo "2792"]
[Result "0-1"]
[Round "4"]
[TimeControl "180+1"]
[Date "2023.08.01"]
[WhiteClock "0:00:43"]
[BlackClock "0:00:19"]
[Board "6"]

1. e4 c6 2. d4 d5 3. Nc3 dxe4 4. Nge2 Nf6 5. Ng3 Bg4 6. Be2 Bxe2 7. Qxe2 e6 8. Ncxe4 Nbd7 9. Bf4 Nxe4 10. Nxe4 Nf6 11. Nxf6+ Qxf6 12. Be5 Qg6 13. O-O Be7 14. Rad1 h5 15. Rd3 h4 16. c4 Rd8 17. d5 cxd5 18. cxd5 Rxd5 19. Rxd5 exd5 20. Bd4 h3 21. g4 O-O 22. Qf3 Qe4 23. Qxe4 dxe4 24. Re1 Rc8 25. Kf1 Bd6 26. Rxe4 Rc4 27. Re8+ Kh7 28. Bxa7 Rxg4 29. Re3 Rh4 30. Kg1 Kg6 31. Rb3 Ra4 32. Rb6 Rd4 33. Kf1 f6 34. Rb3 Ra4 35. Bb6 Rxa2 36. Rxh3 Rxb2 37. Be3 b5 38. Rh8 b4 39. h4 b3 40. h5+ Kf5 41. Rd8 Be5 42. Rd7 Rb1+ 43. Kg2 b2 44. Rxg7 Rd1 45. h6 b1=Q 0-1


[Site "https://www.chess.com"]

[Event "Titled Tuesday Blitz August 1 Late 2023"]
[White "Krzyzanowski, Marcin"]
[Black "Sjugirov, Sanan"]
[WhiteFideId "1132199"]
[BlackFideId "4189302"]
[WhiteElo "2781"]
[BlackElo "2955"]
[Result "0-1"]
[Round "4"]
[TimeControl "180+1"]
[Date "2023.08.01"]
[WhiteClock "0:00:00"]
[BlackClock "0:00:33"]
[Board "7"]

1. e4 c6 2. Nf3 d5 3. d3 h6 4. Nc3 Bg4 5. Be2 e6 6. O-O Nd7 7. d4 Bb4 8. exd5 cxd5 9. Nb1 Ngf6 10. c3 Bd6 11. Re1 O-O 12. h3 Bf5 13. Nbd2 Qc7 14. Nf1 Rab8 15. Ne3 Bh7 16. a4 a6 17. a5 Rbe8 18. Bf1 Nb8 19. Ng4 Ne4 20. Nfe5 f6 21. Nd3 Nc6 22. Qa4 Ne7 23. Qd1 Nf5 24. f4 Nfg3 25. Qf3 Nf5 26. Ngf2 Nfg3 27. Nh1 Nxh1 28. Kxh1 Kh8 29. Kg1 g5 30. Be3 Qg7 31. Nf2 Rg8 32. fxg5 fxg5 33. Nxe4 Bxe4 34. Qd1 Bb8 35. Bd3 Qc7 36. Bxe4 dxe4 37. Qg4 Rgf8 38. g3 Rf3 39. Bf2 Ref8 40. Re2 e3 41. Be1 Qc4 42. Qh5 Kg7 43. Rg2 Qd5 44. Kh2 Rf1 45. Qe2 Qe4 46. c4 Kg6 47. d5 exd5 48. cxd5 Bd6 49. Rd1 Qf3 50. Qxf3 R8xf3 51. h4 gxh4 52. Rdd2 exd2 53. Bxd2 hxg3+ 54. Kh3 Kf5 0-1


[Site "https://www.chess.com"]

[Event "Titled Tuesday Blitz August 1 Late 2023"]
[White "He, Anthony"]
[Black "Mahdavi, Reza"]
[WhiteFideId "2088215"]
[BlackFideId "12595926"]
[WhiteElo "2948"]
[BlackElo "2773"]
[Result "1-0"]
[Round "4"]
[TimeControl "180+1"]
[Date "2023.08.01"]
[WhiteClock "0:01:24"]
[BlackClock "0:01:00"]
[Board "8"]

1. d4 Nf6 2. Nc3 d5 3. Bf4 e6 4. Nb5 Na6 5. e3 Be7 6. Nf3 O-O 7. h3 c6 8. Nc3 c5 9. Bxa6 bxa6 10. O-O Bd7 11. Ne5 Qb6 12. Rb1 Rfc8 13. a3 Be8 14. Qd2 cxd4 15. exd4 Qa5 16. Qe3 Bf8 17. Rfc1 Nd7 18. Ne2 Nxe5 19. Bxe5 Rc4 20. c3 Rac8 21. b3 R4c6 22. a4 Rb6 23. Qg3 f6 24. Bc7 Bg6 25. Ra1 e5 26. b4 1-0


[Site "https://www.chess.com"]

[Event "Titled Tuesday Blitz August 1 Late 2023"]
[White "Elsa167"]
[Black "Demidov, Mikhail"]
[BlackFideId "4197143"]
[WhiteElo "2772"]
[BlackElo "2942"]
[Result "0-1"]
[Round "4"]
[TimeControl "180+1"]
[Date "2023.08.01"]
[WhiteClock "0:00:00"]
[BlackClock "0:00:37"]
[Board "9"]

1. d4 g6 2. c4 Bg7 3. e4 Nc6 4. Ne2 e5 5. d5 Nd4 6. Nxd4 exd4 7. Bd3 d6 8. Nd2 c5 9. Nf3 Nf6 10. h3 O-O 11. O-O Re8 12. Re1 Nd7 13. Bf4 Ne5 14. Nxe5 dxe5 15. Bd2 a5 16. b3 Bd7 17. a3 Bf8 18. f4 Qh4 19. Qf3 Bh6 20. Rf1 f5 21. Rae1 a4 22. b4 cxb4 23. axb4 a3 24. c5 a2 25. Bc4 Kg7 26. b5 fxe4 27. Qxe4 Bf5 28. Qe2 Bxf4 29. Bxf4 exf4 30. Qd2 Rxe1 0-1


[Site "https://www.chess.com"]

[Event "Titled Tuesday Blitz August 1 Late 2023"]
[White "Hakobyan, Aram"]
[Black "Pakleza, Zbigniew"]
[WhiteFideId "13306677"]
[BlackFideId "1119290"]
[WhiteElo "2937"]
[BlackElo "2766"]
[Result "0-1"]
[Round "4"]
[TimeControl "180+1"]
[Date "2023.08.01"]
[WhiteClock "0:01:32"]
[BlackClock "0:00:08"]
[Board "10"]

1. d4 d6 2. e4 Nf6 3. Nc3 c6 4. h3 b5 5. Bd3 e5 6. Nf3 Nbd7 7. a4 b4 8. Ne2 a5 9. O-O g6 10. b3 Bg7 11. dxe5 dxe5 12. Ng3 O-O 13. Be3 Re8 14. Bc4 h6 15. Qd6 Bb7 16. Rad1 Bf8 17. Qd2 h5 18. Ng5 Re7 19. Bc5 Nxc5 20. Qxd8 Rxd8 21. Rxd8 h4 22. Ne2 Nfxe4 23. Nxe4 Nxe4 24. Rfd1 Kg7 25. R1d7 Nc5 26. Rd1 Rc7 27. Nc1 Be7 28. Rb8 Nd7 29. Re8 Nf6 30. Rb8 Nd7 31. Rxb7 Rxb7 32. Nd3 Rc7 33. Kf1 Bf6 34. Re1 Rc8 35. Re3 Re8 36. f3 Nb6 37. Ba6 Re7 38. Nc5 Bg5 39. Re1 Nd5 40. Bd3 Bd2 41. Ra1 Bc3 42. Rb1 Bd4 43. Na6 Ne3+ 44. Kg1 Nxc2+ 45. Kh1 Ne3 46. Rc1 c5 47. Nb8 f5 48. Nc6 Rd7 49. Nxa5 Bb2 50. Rb1 Rxd3 51. Nc4 Nxc4 52. bxc4 Bd4 53. a5 Ra3 54. a6 Rxa6 55. Re1 Ra1 56. Kh2 Rxe1 57. g4 hxg3+ 58. Kg2 Rc1 59. Kxg3 Rxc4 60. h4 b3 61. Kh3 b2 62. h5 b1=Q 63. h6+ Kh8 64. Kg3 Qd3 65. Kh4 Rc3 66. Kg5 Qxf3 67. Kf6 Qg4 68. h7 Qh4+ 69. Kf7 Qxh7+ 70. Kf8 Qg7+ 71. Ke8 Ra3 0-1


[Site "https://www.chess.com"]

[Event "Titled Tuesday Blitz August 1 Late 2023"]
[White "Zakhartsov, Vladimir"]
[Black "Rozen, Eytan"]
[WhiteFideId "4145097"]
[BlackFideId "2816750"]
[WhiteElo "2926"]
[BlackElo "2758"]
[Result "0-1"]
[Round "4"]
[TimeControl "180+1"]
[Date "2023.08.01"]
[WhiteClock "0:00:10"]
[BlackClock "0:00:12"]
[Board "11"]

1. d4 d5 2. c4 dxc4 3. e4 Nc6 4. d5 Ne5 5. Nf3 Nxf3+ 6. Qxf3 e6 7. Bxc4 Bb4+ 8. Nc3 exd5 9. Bxd5 Nf6 10. Bb3 O-O 11. O-O Re8 12. Bg5 Bxc3 13. bxc3 h6 14. Bh4 Qe7 15. Rfe1 g5 16. Bg3 Bg4 17. Qd3 Rad8 18. Qb5 c6 19. Qf1 Qc5 20. e5 Nh5 21. Re3 Nxg3 22. Rxg3 Be6 23. h4 Bxb3 24. axb3 Rxe5 25. b4 Qe7 26. hxg5 hxg5 27. Qc4 Re1+ 28. Rxe1 Qxe1+ 29. Kh2 Qe5 30. f4 Qh8+ 31. Kg1 Rd1+ 32. Kf2 Qh4 33. Kf3 Rd5 34. Qe4 Qh5+ 35. Ke3 Kf8 36. Rxg5 Rxg5 37. fxg5 Qxg5+ 38. Kf2 Qd2+ 39. Kf1 Qxc3 40. Qh4 Qc1+ 41. Kf2 Qd2+ 42. Kf1 Qd1+ 43. Kf2 Qd2+ 44. Kf1 Qc1+ 45. Kf2 Qb2+ 46. Kf1 Qe5 47. Qd8+ Kg7 48. Qh4 Qf6+ 49. Qxf6+ Kxf6 50. Ke2 Ke5 51. Kd3 b6 52. Kc4 a5 53. bxa5 bxa5 54. Kb3 c5 55. Ka4 c4 56. Ka3 c3 57. Kb3 Kd4 58. Kc2 a4 59. g4 a3 60. Kb3 Kd3 61. g5 c2 62. g6 fxg6 63. Ka2 c1=Q 64. Kb3 Qb2+ 65. Ka4 a2 0-1


[Site "https://www.chess.com"]

[Event "Titled Tuesday Blitz August 1 Late 2023"]
[White "Volovich, Vasily"]
[Black "Zhigalko, Sergei"]
[WhiteFideId "34169676"]
[BlackFideId "13502956"]
[WhiteElo "2748"]
[BlackElo "2902"]
[Result "0-1"]
[Round "4"]
[TimeControl "180+1"]
[Date "2023.08.01"]
[WhiteClock "0:00:00"]
[BlackClock "0:00:39"]
[Board "12"]

1. e4 c5 2. c3 Nf6 3. e5 Nd5 4. d4 cxd4 5. cxd4 d6 6. Nf3 Nc6 7. Bc4 Nb6 8. Bb5 d5 9. O-O Bf5 10. Nc3 Rc8 11. Be3 e6 12. Rc1 a6 13. Bxc6+ Rxc6 14. Qb3 Qc7 15. Na4 Nc4 16. Nh4 Bg6 17. Nxg6 hxg6 18. Nc3 Be7 19. Qc2 O-O 20. Qe2 Rc8 21. Nd1 Nxe5 22. dxe5 Rxc1 23. Bxc1 Qxc1 24. Ne3 Qc7 25. f4 Bc5 26. Kh1 Bxe3 27. Qxe3 Qc5 28. Qf3 Qc2 29. g4 Qxb2 30. f5 gxf5 31. gxf5 Qxe5 32. fxe6 Qxe6 0-1


[Site "https://www.chess.com"]

[Event "Titled Tuesday Blitz August 1 Late 2023"]
[White "Kazakouski, Valery"]
[Black "Tsaruk, Maksim"]
[WhiteFideId "13507443"]
[BlackFideId "13511173"]
[WhiteElo "2895"]
[BlackElo "2746"]
[Result "1-0"]
[Round "4"]
[TimeControl "180+1"]
[Date "2023.08.01"]
[WhiteClock "0:00:56"]
[BlackClock "0:00:00"]
[Board "13"]

1. Nf3 d5 2. c4 e6 3. b3 Nf6 4. g3 Be7 5. Bg2 O-O 6. O-O c5 7. e3 Nc6 8. Bb2 b6 9. Nc3 Bb7 10. cxd5 Nxd5 11. Nxd5 exd5 12. d4 Rc8 13. Rc1 Ba6 14. Re1 Nb4 15. Ne5 f6 16. a3 Na2 17. Ra1 fxe5 18. dxe5 d4 19. Rxa2 d3 20. Bc3 b5 21. f4 c4 22. b4 Qd7 23. a4 Rfd8 24. Qa1 Bb7 25. e6 Qc7 26. Bxb7 Qxb7 27. axb5 Qxb5 28. Rxa7 Re8 29. Bxg7 d2 30. Rd1 Bxb4 31. Bc3 Bxc3 32. Qxc3 1-0


[Site "https://www.chess.com"]

[Event "Titled Tuesday Blitz August 1 Late 2023"]
[White "Aravindh, Chithambaram VR."]
[Black "Schnaider, Ilan"]
[WhiteFideId "5072786"]
[BlackFideId "169013"]
[WhiteElo "2893"]
[BlackElo "2700"]
[Result "1-0"]
[Round "4"]
[TimeControl "180+1"]
[Date "2023.08.01"]
[WhiteClock "0:00:15"]
[BlackClock "0:00:03"]
[Board "14"]

1. e3 Nf6 2. Nf3 g6 3. d4 Bg7 4. Be2 O-O 5. O-O d5 6. c4 Nc6 7. Nc3 Bg4 8. h3 Bxf3 9. Bxf3 dxc4 10. Qa4 e5 11. Bxc6 bxc6 12. dxe5 Nd7 13. e6 fxe6 14. Qxc4 Qe7 15. Bd2 Rab8 16. Rab1 Rfd8 17. Ne4 Ne5 18. Qc2 Qd7 19. Bc3 Qd3 20. Rfc1 Rb6 21. Ba5 Rb5 22. Bxc7 Rd7 23. Bxe5 Rxe5 24. Nc5 Qxc2 25. Rxc2 Rdd5 26. b4 Bf8 27. Na6 Rd3 28. a4 Ra3 29. a5 c5 30. bxc5 Rxa5 31. c6 Bd6 32. c7 Bxc7 33. Rxc7 Reb5 34. Rxb5 Rxb5 35. Rxa7 Rb1+ 36. Kh2 Rb2 37. Kg3 Ra2 38. Ra8+ Kg7 39. Nc7 Rc2 40. Nxe6+ Kf6 41. Nd4 Rc5 42. Ra6+ Kg7 43. Ne6+ Kh6 44. Nxc5 Kh5 45. Ne6 g5 46. Ng7# 1-0


[Site "https://www.chess.com"]

[Event "Titled Tuesday Blitz August 1 Late 2023"]
[White "Shtembuliak, Evgeny"]
[Black "Ezat, Mohamed"]
[WhiteFideId "14113325"]
[BlackFideId "10600906"]
[WhiteElo "2875"]
[BlackElo "2683"]
[Result "1-0"]
[Round "4"]
[TimeControl "180+1"]
[Date "2023.08.01"]
[WhiteClock "0:01:49"]
[BlackClock "0:01:45"]
[Board "15"]

1. c4 Nf6 2. Nc3 g6 3. e4 d6 4. d4 Bg7 5. Nge2 O-O 6. Ng3 Nc6 7. d5 Ne5 8. Be2 h5 9. f4 Ned7 10. O-O h4 11. Nh1 h3 12. g4 Nc5 13. Nf2 a5 14. Bf3 e5 15. f5 gxf5 16. gxf5 Kh7 17. Nxh3 Bh6 18. Bxh6 Kxh6 19. Qd2+ Kh7 20. Kh1 Bd7 21. Ng5+ Kh8 22. Rg1 Qe7 23. Rg3 Rg8 24. Rh3+ Kg7 25. Nh7 1-0


[Site "https://www.chess.com"]

[Event "Titled Tuesday Blitz August 1 Late 2023"]
[White "Kowalski, Igor"]
[Black "Karaoglan, Doruk"]
[WhiteFideId "1172468"]
[BlackFideId "6390927"]
[WhiteElo "2865"]
[BlackElo "2626"]
[Result "0-1"]
[Round "4"]
[TimeControl "180+1"]
[Date "2023.08.01"]
[WhiteClock "0:00:05"]
[BlackClock "0:00:42"]
[Board "16"]

1. Nf3 Nf6 2. d4 g6 3. Nc3 d5 4. Bf4 Bg7 5. e3 O-O 6. Be2 c5 7. O-O Nc6 8. dxc5 Be6 9. Nd4 Qa5 10. Ncb5 Rac8 11. c3 a6 12. Nxc6 bxc6 13. b4 Qd8 14. Na7 Ne4 15. Bxa6 Nxc3 16. Qc2 Bf5 17. Qb3 Rc7 18. Bxc7 Qxc7 19. Rfc1 Qxa7 20. Bf1 Ne4 21. a4 Bxa1 22. Rxa1 Nd2 23. Qc3 Nxf1 24. Kxf1 Rb8 25. Ke1 Qa6 26. Kd2 e5 27. Qxe5 Rxb4 28. Qe8+ Kg7 29. Qe5+ Kh6 30. f4 Qd3+ 31. Ke1 Re4 32. Qf6 Rxe3+ 33. Kf2 Qd2+ 34. Kf1 Bd3+ 35. Kg1 Re1+ 0-1


[Site "https://www.chess.com"]